AoeStats
← SnK | YSYSMOOO

Fortress

507180276Analyzed
4v4 RM · 16d ago on Sep 17, 2026· 17m 22s· 8 players
Game mode
Random Map
Map size
Huge
Population
200
Speed
Normal
Resources
Standard
Victory
Conquest
Starting age
Dark Age
Ending age
Imperial Age
RankedLock teamsTeams togetherTeam positionsShared explorationLock speedFull tech treeHidden civsTurbo modeCheats
Victory
Defeat
🇺🇸 Cumans · United States
1760
+12
🇨🇦 Vietnamese · Canada
1650
+16
🇨🇿 Shu · Czechia
1548
+20
🇨🇴 Vikings · Colombia
1535
+20
🇧🇴 Muisca · Bolivia
1688
-19
🇧🇪 Burgundians · Belgium
1651
-17
🇦🇷 Bohemians · Argentina
1647
-17
🇺🇸 Koreans · United States
1598
-15
SnK | YSYSMOOO
7:54 Feudal Age
11:29 Castle Age
9:33 Double-Bit Axe
9:45 Horse Collar
FromEast
1:41 Double-Bit Axe
2:46 Horse Collar
7:38 Feudal Age
12:02 Castle Age
10:33 Bow Saw
10:59 Heavy Plow
Ks
7:33 Feudal Age
11:35 Castle Age
9:28 Horse Collar
9:55 Double-Bit Axe
bipeng2008
NotDukito
8:10 Feudal Age
9:05 Double-Bit Axe
11:53 Castle Age
9:44 Horse Collar
13:25 Bow Saw
13:16 Heavy Plow
17:24 Wheelbarrow
Jenius
5:46 Feudal Age
6:21 Double-Bit Axe
6:58 Horse Collar
12:10 Wheelbarrow
17:14 Castle Age
16:23 Gold Mining
17:18 Capped Ram
Bananaman651
9:01 Feudal Age
13:13 Castle Age
11:04 Double-Bit Axe
17:03 Imperial Age
15:39 Bow Saw
15:43 Gold Mining
Astronomical
7:34 Feudal Age
11:34 Castle Age
9:47 Double-Bit Axe
9:58 Horse Collar
11:17 Gold Mining
12:09 Scale Mail Armor
11:58 Loom
13:16 Bow Saw
14:56 Forging
Connection lost

Rejoining the realm…

Still unreachable

The connection could not be restored.

Session expired

The server has moved on; the page needs a fresh start.